 Dungeon Crawl Stone Soup version 0.31-a0-1626-g5cb510d322 (webtiles) character file.

Game seed: 11446398484140988137

86060 DiggyJ the Brawler (level 15, -1/149 HPs) *EXPLORE*
             Began as a Troll Fighter on Jan 9, 2024.
             Was an Initiate of Gozag.
             Slain by a two-headed ogre
             ... wielding a +0 great mace
              (5 damage)
             ... while petrified by a basilisk
             ... on level 15 of the Dungeon on Jan 12, 2024.
             The game lasted 01:06:24 (20141 turns).

DiggyJ the Brawler (Troll Fighter)                 Turns: 20141, Time: 01:06:25

Health: -1/149     AC:  8    Str: 36    XL:     15   Next: 39%
Magic:  5/5        EV:  1    Int: 13    God:    Gozag
Gold:   1180       SH:  0    Dex:  9    Spells: 14/14 levels left

rFire   + . .        E - +5 scythe "Finisher" {speed, execute}
rCold   + + .        (shield currently unavailable)
rNeg    + + +        a - +3 troll leather armour
rPois   ∞            (helmet restricted)
rElec   .            V - scarf {rC+ rF+}
rCorr   +            (gloves unavailable)
SInv    +            (boots unavailable)
Will    +....        t - amulet of regeneration
Stlth   ++           i - ring of protection from cold
HPRegen 2.84/turn    X - ring "Jugiuffou" {rCorr MP-9 Str+2 Int+9 SInv}
MPRegen 0.09/turn

%: no passive effects
@: petrified, gold aura, studying Throwing
A: large, unfitting armour, claws 3, regeneration 1, shaggy fur 1, tough skin 1,
mutation resistance 2
a: Renounce Religion, Potion Petition, Call Merchant, Bribe Branch


You were on level 15 of the Dungeon.
You worshipped Gozag.
Gozag was most pleased with you.
You visited 2 branches of the dungeon, and saw 20 of its levels.
You visited the Abyss 1 time.
You also visited: Ice Cave.

You collected 6596 gold pieces.
You spent 2990 gold pieces at shops.
You paid 2426 gold pieces to Gozag.

Inventory:

Hand Weapons
 v - the +8 Wrath of Trog {antimagic, *Rage Rampage}
   (You found it on level 6 of the Dungeon)

   It causes slowness and exhaustion when equipped.
   It extends the wielder's berserk rage when killing foes.
   *Rage:     It berserks you when you make melee attacks (+50% chance).
   Rampage:   It bestows one free step when moving towards enemies.
 E - the +5 scythe "Finisher" (weapon) {speed, execute}
   (You found it on level 5 of the Lair of Beasts)
 N - the +9 sword of Zonguldrok {reap}
   (You found it on level 8 of the Dungeon)
 R - the +9 staff of Olgreb {rPois∞}
   (You found it on level 9 of the Dungeon)

   Radiate:   It can be activated via the 'a'bility menu to radiate toxic
   energy, with effectiveness depending on Evocations skill.
   Alch:      It enhances your alchemy magic.
   rPois∞: It grants immunity to poison.
Armour
 a - a +3 troll leather armour (worn)
 b - a +1 kite shield
 m - +0 swamp dragon scales
 V - a scarf of resistance (worn)
 Z - +2 pearl dragon scales
Magical Staves
 J - the staff "Idais" {rF+ rN++ Str+5 Dex-5 Fire}
   (You found it on level 8 of the Dungeon)

   [staff of fire]

   Base accuracy: +5 Base damage: 5 Base attack delay: 1.2 This weapon's minimum
   attack delay (0.6) is reached at skill level 12.
   Str+5:     It affects your strength (+5).
   Dex-5:     It affects your dexterity (-5).
   rF+:       It protects you from fire.
   rN++:      It greatly protects you from negative energy.
   Fire:      It increases the power of your Fire spells.
   It falls into the 'Staves' category.
   It is a one-clawed weapon.
 M - a staff of fire
Jewellery
 i - a ring of protection from cold (left claw)
 t - an amulet of regeneration (around neck)
 T - an amulet of reflection
 X - the ring "Jugiuffou" (right claw) {rCorr MP-9 Str+2 Int+9 SInv}
   (You found it in an ice cave)

   [ring of resist corrosion]

   Str+2:     It affects your strength (+2).
   Int+9:     It affects your intelligence (+9).
   MP-9:      It affects your magic capacity (-9).
   SInv:      It lets you see invisible.
   rCorr:     It protects you from acid and corrosion.
Talismans
 C - a granite talisman
 D - a serpent talisman
Wands
 d - a wand of roots (20)
 z - a wand of mindburst (63)
 F - a wand of polymorph (9)
 I - a wand of quicksilver (15)
 Q - a wand of charming (2)
 S - a wand of flame (12)
 Y - a wand of digging (11)
Scrolls
 f - 11 scrolls of teleportation
 g - a scroll of brand weapon
 j - a scroll of revelation
 p - 5 scrolls of fog
 q - 2 scrolls of enchant armour (quivered)
 w - 2 scrolls of enchant weapon
 A - 2 scrolls of poison
 H - 4 scrolls of blinking
 K - a scroll of summoning
 P - a scroll of vulnerability
 U - 4 scrolls of identify
Potions
 c - 3 potions of might
 e - 2 potions of mutation
 h - a potion of magic
 l - a potion of enlightenment
 n - a potion of ambrosia
 o - 4 potions of lignification
 r - a potion of berserk rage
 s - 5 potions of curing
 u - 4 potions of haste
 x - 3 potions of resistance
 B - 4 potions of heal wounds
 W - 4 potions of cancellation
Miscellaneous
 k - a condenser vane
 y - a phantom mirror
 G - a lightning rod (4/4)
 L - a phial of floods
 O - a box of beasts


   Skills:
 + Level 10.0 Fighting
 + Level 0.2(4.4) Axes
 * Level 7.3 Polearms
 + Level 6.8 Armour
 + Level 11.8 Dodging
 + Level 2.8 Stealth
 + Level 5.9 Shields
 - Level 16.8 Unarmed Combat


You had 14 spell levels left.
You didn't know any spells.
Your spell library contained the following spells:

 Spells                   Type           Power      Damage    Failure   Level
 Apportation              Tloc           0%         N/A       32%         1
 Kiss of Death            Conj/Necr      0%         2d5       32%         1
 Necrotise                Necr           0%         1d4       32%         1
 Sting                    Conj/Alch      0%         1d3       32%         1
 Summon Small Mammal      Summ           0%         N/A       32%         1
 Call Imp                 Summ           0%         N/A       45%         2
 Cigotuvi's Dreadful Rot  Necr/Alch/Air  0%         N/A       45%         2
 Sublimation of Blood     Necr           0%         N/A       45%         2
 Confusing Touch          Hex            0%         N/A       69%         3
 Inner Flame              Hex/Fire       0%         N/A       69%         3
 Summon Ice Beast         Ice/Summ       0%         N/A       69%         3
 Dispel Undead            Necr           0%         3d6       97%         4
 Ignite Poison            Fire/Alch      0%         N/A       97%         4
 Petrify                  Alch/Erth      0%         N/A       97%         4
 Vhi's Electric Charge    Tloc/Air       0%         N/A       97%         4
 Arcjolt                  Conj/Air       0%         1d10      100%        5
 Freezing Cloud           Conj/Ice/Air   0%         6-21      100%        5
 Irradiate                Conj/Alch      0%         3d11      100%        5
 Metabolic Englaciation   Hex/Ice        0%         N/A       100%        5
 Plasma Beam              Fire/Air       0%         2x1d10    100%        6
 Sculpt Simulacrum        Ice/Alch       0%         N/A       100%        6
 Summon Hydra             Summ           0%         N/A       100%        7
 Ignition                 Fire           0%         3d3       100%        8


Dungeon Overview and Level Annotations

Branches:
Dungeon (15/15)            Temple (0/1) D:4            Lair (5/5) D:8
  Snake (0/4) Lair:2        Slime (0/5) Lair:4          Orc (0/2) D:9
 Vaults (0/5) D:13          IceCv (visited)
  Swamp: Lair:2-3    Shoals: Lair:2-3    Depths: D:15

Altars:
Elyvilon
Fedhas
Gozag
Nemelex Xobeh
Ru
Trog
Uskayaw
Vehumet
Xom
Yredelemnul
The Shining One
Jiyva
Lugonu

Shops:
D:6 (   D:7 [(   D:9 (   D:12 !   D:13 (   Lair:5 [

Portals:
Abyss: D:11 D:14

Annotations:
D:14 2 transporters, Paidunot's ghost, journeyman BaHu


Innate Abilities, Weirdness & Mutations

You are too large for most types of armour.
You have claws for hands.
Your natural rate of healing is unusually fast.
You are covered in fur. (AC +1)
You have tough skin. (AC +1)
You are somewhat resistant to both further mutation and mutation removal.


Message History

The ogre hits you with a +0 giant club!
The two-headed ogre hits you with a +0 giant club!!
The two-headed ogre hits you with a +0 giant club!
The two-headed ogre hits you with a +0 great mace!!
The two-headed ogre closely misses you. The ogre mage hits you with a +0 flail.
You have turned to stone.
The ogre hits you with a +0 giant club. The basilisk bites you.
The ogre hits you with a +0 giant club!
The two-headed ogre hits you with a +0 great mace!
The two-headed ogre hits you with a +0 giant club.
The basilisk completely misses you.
The two-headed ogre hits you with a +0 giant club!
The two-headed ogre hits you with a +0 giant club!!
The ogre mage points at you and mumbles some strange words.
You suddenly lose the ability to move!
The ogre hits you with a +0 giant club!
The ogre is distracted by your dazzling golden aura.
The two-headed ogre hits you with a +0 great mace!
The two-headed ogre hits you with a +0 giant club.
The ogre is no longer distracted by gold.
The basilisk bites you! The ogre mage hits you with a +0 flail.
The ogre hits you with a +0 giant club!
* * * LOW HITPOINT WARNING * * *
The ogre hits you with a +0 giant club!
* * * LOW HITPOINT WARNING * * *
The two-headed ogre hits you with a +0 giant club!
* * * LOW HITPOINT WARNING * * *
The two-headed ogre hits you with a +0 giant club!
* * * LOW HITPOINT WARNING * * *
The two-headed ogre hits you with a +0 great mace!
* * * LOW HITPOINT WARNING * * *
The two-headed ogre hits you with a +0 giant club!
* * * LOW HITPOINT WARNING * * *
The basilisk gazes at you. The ogre completely misses you.
The ogre mage hits you with a +0 flail!
* * * LOW HITPOINT WARNING * * *
The two-headed ogre hits you with a +0 great mace!!
* * * LOW HITPOINT WARNING * * *
The two-headed ogre hits you with a +0 giant club!
You die...
Your body crumbles into a pile of gold.

..#..#..#.........#.#....#
.....#..#.........#......####
####.#..#.........#.........#
#..#.#..#.........#.####..#.#
#..#.#..#.........#.# #....#
#..#.#..#.........#.# #....#
#..#.#..#.........'.# #.####
#..#.#..#......OOO#.####.#
...#....#......O@O#......#
...#....#......l$.#......#
#..#.##.#.........#......#
#..'....#.........#......+
#..#....###########......##
#..#........................
#..#.....###...............#
#..#.........................
############........#####+###


You could see 2 two-headed ogres, an ogre mage (invisible), a basilisk and 2
ogres.

Vanquished Creatures
  An Executioner (Abyss:2)
  Kirke (D:12)
  A draconian monk (Abyss:2)
  2 azure jellies (IceCv)
  2 quicksilver oozes
  Nessos (D:13)
  A minotaur (Lair:4)
  A black draconian (Abyss:2)
  Snorg (D:12)
  Fannar (Lair:1)
  4 vault guards (D:13)
  A rakshasa (D:15)
  9 hydras
  A merfolk avatar (Lair:5)
  The ghost of Sirjeffry24 the Stormcaller, a journeyman TeAE of Sif Muna (D:13)
  6 death yaks (Lair:4)
  5 centaur warriors
  3 two-headed ogres
  2 tengu warriors (D:14)
  Nergalle (Lair:1)
  5 skeletal warriors (D:13)
  3 skysharks
  An arcanist (D:13)
  A harpy (Lair:5)
  A necromancer (Abyss:2)
  2 ugly things (D:11)
  A wolf spider (D:9)
  An orange crystal statue (D:10)
  5 manticores
  2 deep elf pyromancers
  3 oklob plants (Lair:4)
  A cyclops (D:13)
  The ghost of Azoth the Covert, a novice OpSh of Dithmenos (D:6)
  A meliai (shapeshifter) (D:11)
  9 elephants
  9 black mambas
  A gargoyle (D:10)
  2 torpor snails
  3 ice statues
  8 cane toads
  Maggie (Lair:1)
  3 rime drakes
  2 tengu conjurers (D:14)
  An efreet (Abyss:2)
  3 kobold demonologists
  10 komodo dragons
  2 ice devils (D:11)
  Psyche (D:9)
  A hellwing (Abyss:2)
  4 trolls
  7 hornets
  4 polar bears
  14 blink frogs
  A wind drake (Lair:5)
  25 slime creatures
  2 shadows
  3 vampires
  3 wraiths
  19 yaks
  4 wyverns
  5 basilisks
  8 humans (D:13)
  5 redbacks (D:9)
  A redback simulacrum (D:14)
  4 vampire mosquitoes (D:14)
  A neqoxec (Abyss:2)
  4 steam dragons
  Menkaure (D:5)
  A small abomination (Abyss:2)
  2 acid dragons
  15 water moccasins
  2 great orb of eyes simulacra (IceCv)
  5 orc warriors
  3 black bears
  3 ice beasts
  The ghost of TransRights the Poker, an amateur MiBe of Trog (D:4)
  6 ogres
  A laughing skull (Abyss:2)
  13 wolves
  3 centaurs
  2 slime creature simulacra (IceCv)
  A phantom (D:6)
  5 kobold brigands
  26 bullfrogs
  2 glowing shapeshifter simulacra (IceCv)
  A gnoll sergeant (D:8)
  A scorpion (D:5)
  12 killer bees
  11 howler monkeys
  8 electric eels
  5 hounds (D:5)
  6 orc priests
  2 bombardier beetles
  11 jellies
  A sleepcap (D:8)
  An iguana (D:4)
  8 hell rats (Lair:3)
  11 orc wizards
  7 shapeshifter simulacra (IceCv)
  Robin (D:2)
  7 adders
  7 gnolls (D:4)
  8 river rats (Lair:3)
  3 shadow imps
  2 white imps (D:5)
  2 ufetubi (D:5)
  10 dart slugs
  A ribbon worm (D:2)
  36 orcs
  3 bats
  2 endoplasms
  4 giant cockroaches
  20 goblins
  5 hobgoblins
  2 quokkas
  7 ball pythons
  18 kobolds
  3 rats
561 creatures vanquished.

Vanquished Creatures (others)
  A slime creature (IceCv)
1 creature vanquished.

Grand Total: 562 creatures vanquished

Notes
Turn   | Place    | Note
-------+----------+-------------------------------------------
     0 | D:1      | DiggyJ the Troll Fighter began the quest for the Orb.
     0 | D:1      | Reached XP level 1. HP: 22/22 MP: 0/0
     0 | D:1      | Entered explore mode.
   272 | D:1      | Reached XP level 2. HP: 29/29 MP: 1/1
   742 | D:2      | Reached XP level 3. HP: 34/36 MP: 2/2
   992 | D:2      | Noticed Robin
  1001 | D:2      | Slain by a goblin
                  | ... wielding a +0 dagger
                  | ... led by Robin
                  | (3 damage)
  1004 | D:2      | Killed Robin
  1057 | D:2      | Found a faded altar of an unknown god.
  1847 | D:3      | Reached XP level 4. HP: 45/45 MP: 3/3
  2120 | D:3      | You fall into a shaft and drop 2 floors!
  2120 | D:5      | Entered Level 5 of the Dungeon
  2125 | D:5      | Noticed Menkaure
  2134 | D:5      | Mangled by Menkaure (19 damage)
  2137 | D:5      | Noticed a centaur
  2143 | D:5      | Killed by nerve-wracking pain
                  | ... invoked by Menkaure
                  | (5 damage)
  2145 | D:5      | Reached skill level 3 in Unarmed Combat
  2146 | D:5      | HP: 2/45 [centaur (1)]
  2146 | D:5      | Slain by a hound (2 damage)
  2152 | D:5      | HP: 1/45 [centaur (2)]
  2152 | D:5      | Slain by a centaur (1 damage)
  2156 | D:5      | Slain by Menkaure (12 damage)
  2158 | D:5      | Reached XP level 5. HP: 24/53 MP: 4/4
  2159 | D:5      | Shot with an arrow by a centaur (10 damage)
  2160 | D:5      | Killed Menkaure
  2166 | D:5      | Reached XP level 6. HP: 27/61 MP: 5/5
  2432 | D:5      | Mangled by an ogre
                  | ... wielding a +0 giant club
                  | (16 damage)
  2435 | D:5      | Reached skill level 4 in Unarmed Combat
  2490 | D:5      | Reached XP level 7. HP: 63/67 MP: 6/6
  3207 | D:4      | Found an opulent altar of Gozag.
  3235 | D:4      | Became a worshipper of Gozag Ym Sagoz the Greedy
  3463 | D:4      | Found a runed translucent door.
  3511 | D:4      | Noticed TransRights's ghost (amateur MiBe)
  3565 | D:4      | Killed TransRights's ghost
  3566 | D:4      | Reached skill level 1 in Stealth
  3566 | D:4      | Reached skill level 5 in Unarmed Combat
  3687 | D:4      | Splashed by a jelly's acid (8 damage)
  3736 | D:4      | Reached XP level 8. HP: 62/78 MP: 7/7
  3821 | D:4      | Found a hide-covered altar of Uskayaw.
  3921 | D:4      | Found a staircase to the Ecumenical Temple.
  4881 | D:3      | Found a bloodstained altar of Trog.
  5096 | D:6      | Reached skill level 5 in Dodging
  5106 | D:6      | Reached skill level 6 in Unarmed Combat
  5114 | D:6      | Reached skill level 5 in Shields
  5193 | D:6      | Found Ofuut's Weapon Shop.
  5304 | D:6      | Noticed Azoth's ghost (novice OpSh)
  5304 | D:6      | Found the +8 Wrath of Trog {antimagic, *Rage Rampage}
  5305 | D:6      | Found a transporter.
  5309 | D:6      | Found a transporter.
  5324 | D:6      | Mangled by an ogre
                  | ... wielding a +4 giant club
                  | (18 damage)
  5326 | D:6      | Reached skill level 7 in Unarmed Combat
  5335 | D:6      | Killed Azoth's ghost
  5336 | D:6      | Reached XP level 9. HP: 29/84 MP: 8/8
  5600 | D:6      | Found a blossoming altar of Fedhas.
  5625 | D:6      | Reached skill level 8 in Unarmed Combat
  5990 | D:7      | Killed from afar by an electric eel (8 damage)
                  | ... with a bolt of electricity
  6232 | D:7      | Found Oppeal's Antique Weapon Boutique.
  6318 | D:7      | Found a sparkling altar of Nemelex Xobeh.
  6448 | D:7      | Identified a scroll of acquirement
  6448 | D:7      | Acquired 986 gold pieces
  6575 | D:7      | Found a white marble altar of Elyvilon.
  6680 | D:8      | HP: 2/85 [wyvern (5)]
  6680 | D:8      | Slain by a yak (3 damage)
                  | ... while petrified by a basilisk
  6686 | D:8      | Reached skill level 9 in Unarmed Combat
  6710 | D:8      | Found a staircase to the Lair.
  6767 | D:8      | Noticed a troll
  6776 | D:8      | Killed a troll
  6777 | D:8      | Reached XP level 10. HP: 21/94 MP: 9/9
  6785 | D:8      | Slain by an orc warrior
                  | ... wielding a +0 glaive
                  | (17 damage)
  6853 | D:8      | Found the +9 sword of Zonguldrok {reap}
  6855 | D:8      | Noticed a five-headed hydra
  6859 | D:8      | Slain by a five-headed hydra (5 damage)
  6860 | D:8      | Reached skill level 5 in Fighting
  6863 | D:8      | HP: 4/96 [five-headed hydra (11)]
  6863 | D:8      | Mangled by a five-headed hydra (9 damage)
  6869 | D:8      | HP: 2/96 [nine-headed hydra (7)]
  6869 | D:8      | Slain by a nine-headed hydra (2 damage)
  6871 | D:8      | Killed an 11-headed hydra
  6872 | D:8      | Reached skill level 10 in Unarmed Combat
  6877 | D:8      | HP: 4/96 [wraith (3)]
  6877 | D:8      | Slain by a shadow imp (5 damage)
  6883 | D:8      | Noticed a six-headed hydra
  6890 | D:8      | Identified the staff "Idais" {rF+ rN++ Str+5 Dex-5 Fire}
  6893 | D:8      | Slain by an eight-headed hydra (8 damage)
  6895 | D:8      | Slain by a nine-headed hydra (8 damage)
  6897 | D:8      | HP: 3/96 [nine-headed hydra (2)]
  6897 | D:8      | HP: 1/96 [nine-headed hydra (2)]
  6897 | D:8      | Slain by a nine-headed hydra (6 damage)
  6899 | D:8      | Mangled by an 11-headed hydra (16 damage)
  6900 | D:8      | Slain by a 12-headed hydra (14 damage)
  6902 | D:8      | Mangled by a 13-headed hydra (16 damage)
  6902 | D:8      | Slain by a 13-headed hydra (16 damage)
  6904 | D:8      | Mangled by a 14-headed hydra (16 damage)
  6906 | D:8      | Killed a 15-headed hydra
  6918 | D:8      | Found a shimmering altar of Xom.
  6925 | D:8      | Found a sparkling altar of Nemelex Xobeh.
  6928 | D:8      | Found a sacrificial altar of Ru.
  6928 | D:8      | Found a basalt altar of Yredelemnul.
  6947 | D:8      | Identified the +3 quarterstaff of Mewolusen {vamp, *Slow
                  | Str+6 Dex+5}
  6947 | D:8      | Noticed a centaur warrior
  6959 | D:8      | Mangled by a centaur warrior
                  | ... wielding the +3 quarterstaff of Mewolusen
                  | {vamp, *Slow Str+6 Dex+5}
                  | (18 damage)
  6968 | D:8      | Killed a centaur warrior
  7083 | D:8      | Noticed a centaur warrior
  7096 | D:8      | Killed a centaur warrior
  7264 | D:8      | Reached XP level 11. HP: 93/105 MP: 10/10
  7274 | D:8      | Found a glowing golden altar of the Shining One.
  7659 | D:9      | Found a radiant altar of Vehumet.
  7781 | D:9      | Found a runed translucent door.
  7789 | D:9      | Reached skill level 11 in Unarmed Combat
  7793 | D:9      | Found a runed translucent gate.
  7794 | D:9      | Found a runed translucent gate.
  7796 | D:9      | Found the +9 staff of Olgreb {rPois∞}
  7803 | D:9      | Found a runed translucent door.
  7833 | D:9      | Found a runed translucent gate.
  7836 | D:9      | Noticed a wolf spider
  7859 | D:9      | HP: 5/105 [black mamba (17)]
  7859 | D:9      | Demolished by a black mamba (18 damage)
  7864 | D:9      | Slain by a black mamba (9 damage)
  7867 | D:9      | HP: 1/105 [black mamba (9)]
  7868 | D:9      | Succumbed to a black mamba's poison
  7874 | D:9      | HP: 2/105 [black mamba (10)]
  7874 | D:9      | Slain by a black mamba (5 damage)
  7878 | D:9      | Mangled by a black mamba (16 damage)
  7883 | D:9      | Slain by a wolf spider (15 damage)
  7888 | D:9      | Slain by a wolf spider (11 damage)
  7893 | D:9      | Slain by a wolf spider (20 damage)
  7897 | D:9      | Killed a wolf spider
  7897 | D:9      | Slain by a redback (16 damage)
  7901 | D:9      | HP: 4/107 [redback (7)]
  7901 | D:9      | Mangled by a redback (13 damage)
  7903 | D:9      | Slain by a redback (9 damage)
  7906 | D:9      | Succumbed to a redback's poison
  7910 | D:9      | Slain by a redback (12 damage)
  7915 | D:9      | Succumbed to a redback's poison
  7922 | D:9      | HP: 3/107 [poisoned by a redback]
  7922 | D:9      | Slain by a redback (7 damage)
  7930 | D:9      | HP: 5/107 [redback (11)]
  7931 | D:9      | HP: 1/107 [poisoned by a redback]
  7932 | D:9      | Succumbed to a redback's poison
  7979 | D:9      | HP: 4/107 [steam dragon (5)]
  7980 | D:9      | Slain by a killer bee (8 damage)
  7994 | D:9      | Paralysed by a hornet for 2 turns
  8072 | D:9      | Noticed Psyche
  8076 | D:9      | Killed Psyche
  8085 | D:9      | Noticed a two-headed ogre
  8089 | D:9      | Mangled by a two-headed ogre
                  | ... wielding a +0 dire flail
                  | (13 damage)
  8094 | D:9      | Killed a two-headed ogre
  8095 | D:9      | Reached skill level 12 in Unarmed Combat
  8326 | D:9      | Found Saepto's Weapon Emporium.
  8532 | D:9      | Found a staircase to the Orcish Mines.
  8548 | D:9      | Slain by an orc warrior
                  | ... wielding a +0 halberd
                  | (14 damage)
  8554 | D:9      | Slain by an orc warrior
                  | ... wielding a +0 halberd
                  | (20 damage)
  8561 | D:9      | HP: 4/109 [yak (4)]
  8564 | D:9      | Slain by a yak (11 damage)
  8574 | D:9      | Slain by an orc warrior
                  | ... wielding a +0 halberd
                  | (8 damage)
  8599 | D:9      | HP: 4/109 [orc warrior/+0 battleaxe (13)]
  8599 | D:9      | Demolished by an orc warrior
                  | ... wielding a +0 halberd
                  | (18 damage)
  8808 | D:9      | Found a shimmering altar of Xom.
  8841 | D:10     | Entered Level 10 of the Dungeon
  8982 | D:10     | Noticed an orange crystal statue
  9003 | D:10     | Killed an orange crystal statue
  9091 | D:10     | Noticed a two-headed ogre
  9099 | D:10     | Killed a two-headed ogre
  9122 | D:10     | Reached XP level 12. HP: 93/118 MP: 11/11
  9391 | D:10     | HP: 2/118 [something (13)]
  9951 | D:11     | Identified the +0 ring mail of Panentheism {rElec rC+ rCorr
                  | Str-4}
 10023 | D:11     | Noticed a two-headed ogre
 10031 | D:11     | Killed a two-headed ogre
 10032 | D:11     | Reached skill level 13 in Unarmed Combat
 10075 | D:11     | HP: 2/118 [meliai (shapeshifter) (10)]
 10075 | D:11     | Mangled by a meliai (shapeshifter) (12 damage)
 10178 | D:11     | Found a frozen archway.
 10190 | IceCv    | Entered an ice cave
 10214 | IceCv    | Slain by a slime creature (7 damage)
 10227 | IceCv    | HP: 1/118 [shapeshifter simulacrum (8)]
 10227 | IceCv    | Slain by a slime creature (6 damage)
 10237 | IceCv    | Slain by a slime creature (16 damage)
 10245 | IceCv    | Slain by a shapeshifter simulacrum (8 damage)
 10268 | IceCv    | Identified the +4 ring mail of Giwia {Harm rN+}
 10314 | IceCv    | Noticed a quicksilver ooze
 10322 | IceCv    | Mangled by a quicksilver ooze (18 damage)
 10324 | IceCv    | Killed a quicksilver ooze
 10325 | IceCv    | Reached skill level 10 in Dodging
 10383 | IceCv    | HP: 1/119 [slime creature (13)]
 10384 | IceCv    | Demolished by a slime creature (18 damage)
 10420 | IceCv    | Slain by a slime creature (18 damage)
 10432 | IceCv    | Mangled by a large slime creature (30 damage)
 10434 | IceCv    | Slain by a large slime creature (37 damage)
 10440 | IceCv    | Demolished by a large slime creature (25 damage)
 10446 | IceCv    | HP: 1/119 [slime creature (5)]
 10447 | IceCv    | Demolished by a slime creature (19 damage)
 10468 | IceCv    | Slain by a glowing shapeshifter simulacrum (8 damage)
 10510 | IceCv    | Found a viscous altar of Jiyva.
 10510 | IceCv    | Noticed an azure jelly
 10515 | IceCv    | Noticed an azure jelly
 10518 | IceCv    | Killed an azure jelly
 10521 | IceCv    | HP: 2/119 [azure jelly (13)]
 10521 | IceCv    | Slain by an azure jelly (3 damage)
 10526 | IceCv    | Killed an azure jelly
 10527 | IceCv    | Reached skill level 14 in Unarmed Combat
 10541 | IceCv    | Identified the ring "Jugiuffou" {rCorr MP-9 Str+2 Int+9
                  | SInv}
 10548 | IceCv    | Got Sif Muna's Tractate on Hypothermia
 10816 | D:11     | Found a one-way gate to the infinite horrors of the Abyss.
 10816 | D:11     | Identified the +7 dagger of Discord {distort, Dex+3}
 10816 | D:11     | Identified the +1 robe of Good Intentions {Dex+5}
 11105 | D:7      | Bought glowing pearl dragon scales for 2450 gold pieces
 11167 | Lair:1   | Entered Level 1 of the Lair of Beasts
 11220 | Lair:1   | Noticed Fannar
 11229 | Lair:1   | Killed Fannar
 11236 | Lair:1   | Reached XP level 13. HP: 93/128 MP: 3/12
 11540 | Lair:1   | Reached skill level 1 in Armour
 11652 | Lair:1   | Noticed Nergalle
 11661 | Lair:1   | Killed Nergalle
 11677 | Lair:1   | Noticed Maggie
 11688 | Lair:1   | Killed Maggie
 11707 | Lair:1   | Reached skill level 15 in Unarmed Combat
 12123 | Lair:2   | Found a staircase to the Snake Pit.
 12548 | Lair:2   | You fall into a shaft and drop 2 floors!
 12644 | Lair:4   | Slain by a polar bear (13 damage)
 12665 | Lair:4   | HP: 2/128 [eight-headed hydra (10)]
 12665 | Lair:4   | Slain by an eight-headed hydra (5 damage)
 12713 | Lair:4   | HP: 1/128 [six-headed hydra (13)]
 12713 | Lair:4   | Slain by a six-headed hydra (5 damage)
 13038 | Lair:4   | HP: 1/130 [death yak (12)]
 13039 | Lair:4   | Demolished by a death yak (23 damage)
 13047 | Lair:4   | Slain by a death yak (9 damage)
 13125 | Lair:4   | Found a viscous altar of Jiyva.
 13125 | Lair:4   | Found a staircase to the Slime Pits.
 13229 | Lair:4   | Found a runed translucent door.
 13275 | Lair:4   | Noticed a minotaur
 13288 | Lair:4   | Slain by a minotaur (21 damage)
 13289 | Lair:4   | Killed a minotaur
 13301 | Lair:4   | Acquired a manual of Throwing
 13305 | Lair:4   | Upgraded the game from 0.31-a0-1612-g4aaf141004 to
                  | 0.31-a0-1626-g5cb510d322
 13598 | Lair:3   | Reached skill level 16 in Unarmed Combat
 13715 | Lair:3   | Reached XP level 14. HP: 114/140 MP: 4/13
 14203 | Lair:4   | Reached skill level 5 in Armour
 14624 | Lair:5   | Entered Level 5 of the Lair of Beasts
 14876 | Lair:5   | Paralysed by a hornet for 3 turns
 14936 | Lair:5   | HP: 3/140 [eight-headed hydra (7)]
 14936 | Lair:5   | HP: 1/140 [eight-headed hydra (2)]
 14937 | Lair:5   | Slain by a blink frog (3 damage)
 14946 | Lair:5   | HP: 5/140 [nine-headed hydra (3)]
 14950 | Lair:5   | Slain by a cane toad (13 damage)
 15028 | Lair:5   | Paralysed by a hornet for 1 turns
 15198 | Lair:5   | Found the +5 scythe "Finisher" {speed, execute}
 15517 | Lair:5   | Reached skill level 1 in Polearms
 15529 | Lair:5   | Noticed a quicksilver ooze
 15540 | Lair:5   | HP: 4/140 [drowned by a quicksilver ooze (11)]
 15540 | Lair:5   | Mangled by a quicksilver ooze (17 damage)
 15543 | Lair:5   | Killed a quicksilver ooze
 15654 | Lair:5   | Bought a runed troll leather armour for 540 gold pieces
 16116 | D:11     | Found a large runed translucent door.
 16117 | D:11     | Found a large runed translucent door.
 16119 | D:11     | Found a corrupted altar of Lugonu.
 16138 | D:11     | HP: 4/140 [kobold demonologist/the +7 dagger of Discord
                  | {distort, Dex+3} (6)]
 16138 | D:11     | Slain by a kobold demonologist
                  | ... wielding the +7 dagger of Discord
                  | {distort, Dex+3}
                  | (5 damage)
 16150 | D:11     | HP: 7/140 [red devil/+0 trident[a kobold demonologist] (4)]
 16151 | D:11     | HP: 3/140 [quasit[a kobold demonologist] (1)]
 16152 | D:11     | Mangled by a kobold brigand
                  | ... wielding a +0 dagger of distortion
                  | (16 damage)
 16152 | Abyss:2  | Cast into level 2 of the Abyss (kobold demonologist)
 16323 | Abyss:2  | Noticed a green draconian monk
 16329 | Abyss:2  | Gained mutation: You are occasionally teleported next to
                  | monsters. [a neqoxec]
 16333 | Abyss:2  | HP: 6/140 [poisoned by a green draconian monk]
 16333 | Abyss:2  | Killed by psychic fangs
                  | ... invoked by a neqoxec
                  | (8 damage)
 16336 | Abyss:2  | Engulfed by a green draconian monk's poison gas (9 damage)
 16339 | Abyss:2  | HP: 5/140 [poisoned by a green draconian monk (blast of
                  | poison)]
 16339 | Abyss:2  | Annihilated by a green draconian monk (29 damage)
 16343 | Abyss:2  | Mangled by a green draconian monk (14 damage)
 16346 | Abyss:2  | Slain by a green draconian monk (16 damage)
 16348 | Abyss:2  | Killed a green draconian monk
 16349 | Abyss:2  | Noticed an Executioner
 16353 | Abyss:2  | Killed an Executioner
 16355 | Abyss:2  | Killed from afar by a laughing skull (28 damage)
                  | ... with a bolt of negative energy
 16381 | Abyss:2  | HP: 4/137 [black draconian/bolt of lightning (19)]
 16382 | Abyss:2  | Slain by a black draconian
                  | ... wielding a +0 short sword
                  | (8 damage)
 16404 | D:11     | Escaped the Abyss
 16409 | D:11     | HP: 4/139 [white ugly thing (9)]
 16410 | D:11     | Slain by a kobold brigand
                  | ... wielding a +0 dagger of distortion
                  | (5 damage)
 16877 | D:12     | Noticed Kirke
 16893 | D:12     | Killed Kirke
 17013 | D:12     | Found a sparkling altar of Nemelex Xobeh.
 17575 | D:12     | Noticed Snorg
 17583 | D:12     | Killed Snorg
 17827 | D:13     | Noticed Nessos
 17832 | D:13     | Shot with an arrow by Nessos (26 damage)
 17838 | D:13     | Killed Nessos
 17944 | D:13     | Found Olamailu's Antique Weapon Shoppe.
 18015 | D:13     | Reached skill level 5 in Polearms
 18036 | D:13     | Reached XP level 15. HP: 109/148 MP: 5/14
 18061 | D:13     | Slain by a skeletal warrior
                  | ... wielding a +0 dire flail
                  | (26 damage)
 18170 | D:13     | HP: 4/148 [nine-headed hydra (14)]
 18170 | D:13     | Slain by a nine-headed hydra (8 damage)
 18460 | D:13     | Found a runed translucent gate.
 18460 | D:13     | Found a runed translucent gate.
 18465 | D:13     | Found a runed translucent gate.
 18465 | D:13     | Noticed Sirjeffry24's ghost (journeyman TeAE)
 18552 | D:13     | HP: 3/149 [human (7)]
 18552 | D:13     | Slain by a human (3 damage)
 18558 | D:13     | HP: 5/149 [human (7)]
 18558 | D:13     | HP: 1/149 [human (4)]
 18559 | D:13     | Slain by a vault guard
                  | ... wielding a +0 long sword
                  | (8 damage)
 18569 | D:13     | HP: 2/149 [vault guard/+0 long sword (14)]
 18570 | D:13     | Slain by a vault guard
                  | ... wielding a +0 long sword
                  | (9 damage)
 18582 | D:13     | HP: 3/149 [vault guard/+0 long sword (18)]
 18583 | D:13     | Slain by a vault guard
                  | ... wielding a +0 long sword
                  | (7 damage)
 18609 | D:13     | Found a gate to the Vaults.
 18774 | D:13     | Killed Sirjeffry24's ghost
 18778 | D:13     | HP: 5/149 [11-headed hydra (10)]
 18778 | D:13     | HP: 2/149 [11-headed hydra (3)]
 18778 | D:13     | Slain by an 11-headed hydra (2 damage)
 18806 | D:13     | Lost mutation: You are occasionally teleported next to
                  | monsters. [potion of mutation]
 18806 | D:13     | Gained mutation: You are somewhat resistant to further
                  | mutation. [potion of mutation]
 18806 | D:13     | Gained mutation: You are somewhat resistant to both further
                  | mutation and mutation removal. [potion of mutation]
 18954 | D:14     | Noticed Paidunot's ghost (journeyman BaHu)
 18978 | D:14     | Found a transporter.
 19206 | D:14     | Found a transporter.
 19460 | D:14     | HP: 6/149 [tengu warrior/+0 bardiche (23)]
 19461 | D:14     | Demolished by a tengu warrior
                  | ... wielding a +0 bardiche
                  | (24 damage)
 19975 | D:15     | Entered Level 15 of the Dungeon
 20129 | D:15     | HP: 3/149 [ogre mage/+0 flail (14)]
 20129 | D:15     | Slain by a two-headed ogre
                  | ... wielding a +0 great mace
                  | (4 damage)
 20132 | D:15     | Mangled by an ogre
                  | ... wielding a +0 giant club
                  | (11 damage)
 20133 | D:15     | Reached skill level 10 in Fighting
 20137 | D:15     | HP: 6/149 [ogre mage/+0 flail (10)]
 20137 | D:15     | HP: 2/149 [two-headed ogre/+0 great mace (4)]
 20137 | D:15     | Slain by a two-headed ogre
                  | ... wielding a +0 great mace
                  | (3 damage)
 20139 | D:15     | Paralysed by an ogre mage for 2 turns
 20141 | D:15     | Slain by a two-headed ogre

Illustrated notes

Levels and vault maps discovered:
D:1:      dpeg_arrival_water_temple_mockup, layout_rooms,
          kennysheep_flooded_box, patterned_corridor
D:2:      layout_basic, chequers_ecumenical_altar_island,
          minmay_small_reverse_x, uniq_robin
D:3:      layout_basic, trog_hazing_becter
D:4:      layout_gridville, nicolae_uskayaw_suspiria, lemuel_doored_altar,
          temple_green, ebering_ghost_sewer_d, roderic_lattice_a
D:5:      layout_basic, serial_rivers, chequers_serial_rivers_small_3,
          chequers_serial_rivers_micro_c, chequers_serial_rivers_micro_b,
          chequers_serial_rivers_micro_b, chequers_serial_rivers_room_a,
          uniq_menkaure
D:6:      layout_basic, kennysheep_mini_moat, gammafunk_ghost_smash,
          serial_shops, nicolae_shop_crystal, minmay_misc_feat_roman,
          kennysheep_generic_room_7
D:7:      kennysheep_slugbush, layout_basic, mainiacjoe_overflow_24_doors,
          mainiacjoe_overflow_boulevard, serial_shops,
          nicolae_shop_hallway_stairs
D:8:      minmay_the_grid_octo_tiled_squarecenter
          [minmay_the_grid_octo_clover_2, minmay_the_grid_octo_fat_diamond,
          minmay_the_grid_octo_pinwheel, minmay_the_grid_octo_shrine,
          minmay_the_grid_square_5x5_megaprize_crossed,
          minmay_the_grid_square_5x5_hourglass,
          minmay_the_grid_square_5x5_six_small,
          minmay_the_grid_square_5x5_inner_z,
          minmay_the_grid_square_5x5_two_small], layout_cave_pools,
          general_overflow_altar, david_lair_generic
D:9:      layout_rooms, tgw_xom, lemuel_tele_altar, david_orc_5,
          chequers_hall_statues_corner_a, grunt_decor_one_mirror,
          nicolae_inconvenience_store, minmay_guarded_unrand_staff_of_olgreb,
          uniq_psyche
D:10:     minmay_separated_statues, layout_basic
D:11:     due_chaos_kobolds, layout_rooms, portal_ice_cave_demonic_guard
D:12:     layout_basic, nemelex_spade_bored_becter, uniq_snorg, uniq_kirke
D:13:     layout_loops_ring, ximxim_vaults_locker_room,
          gammafunk_ghost_hydra_chop, serial_shops, shop, uniq_nessos
D:14:     layout_irregular_city, minmay_staircase_windowed_large,
          gammafunk_ghost_abyssal_escape, chequers_serial_rivers_small_b
D:15:     hellmonk_depths_entry_around_the_bend, layout_stronghold,
          minmay_misc_feat_hallway
Lair:1:   layout_regular_city, beast_lair_carwin_1, infiniplex_staircase_pool_2,
          grunt_megastairs_3, uniq_fannar, uniq_nergalle, uniq_maggie
Lair:2:   layout_cave_pods, swamp_mist, dummy_snake_entry,
          chequers_serial_rivers_large_a, minivault_27, serial_bayou_lagoon_b
Lair:3:   layout_regular_city, nicolae_quartered_pool_medium, kennysheep_rathole
Lair:4:   dreamdust_labyrinth, layout_gridlike,
          minmay_slime_entry_oklob_enclosed, beast_lair_carwin_11,
          lemuel_fruit_tree, grunt_megastairs_2
Lair:5:   gammafunk_lair_ancient_temple, layout_misc_corridors,
          nicolae_lair_time_for_slime

Skill      XL: |  1  2  3  4  5  6  7  8  9 10 11 12 13 14 15 |
---------------+----------------------------------------------+-----
Shields        | 3 4 5 |  5.9
Fighting       | 3 4 6 7 8 9 10 | 10.0
Dodging        | 3 4 5 6 8 9 10 11 | 11.8
Unarmed Combat | 3 4 5 7 9 10 12 14 16 | 16.8
Stealth        | 1 2 |  2.8
Armour         | 4 6 |  6.8
Polearms       | 5 7 |  7.3
Axes           | |  0.2

Action                     |  1- 3 |  4- 6 |  7- 9 | 10-12 | 13-15 || total
---------------------------+-------+-------+-------+-------+-------++-------
  Melee: Unarmed           |    70 |    83 |   291 |   620 |   526 ||  1590
         Battleaxe         |       |       |     8 |       |       ||     8
         Punch             |       |       |     3 |    40 |    55 ||    98
         Scythe            |       |       |       |       |   506 ||   506
 Invoke: Call Merchant     |       |       |     1 |       |     2 ||     3
  Evoke: Wand              |       |       |       |       |     1 ||     1
    Use: Scroll            |     8 |     1 |     6 |     5 |     8 ||    28
         Potion            |     3 |       |     4 |       |     1 ||     8
   Stab: Sleeping          |       |       |     2 |     1 |       ||     3
         Distracted        |       |       |       |     3 |     2 ||     5
 Armour: Robe              |    92 |   130 |   299 |  1039 |       ||  1560
         Pearl dragon scal |       |       |       |    15 |   728 ||   743
         Troll leather arm |       |       |       |       |   970 ||   970
  Dodge: Dodged            |    60 |    66 |   154 |   561 |   919 ||  1760
  Block: Kite shield       |    57 |    62 |    78 |       |       ||   197

Table legend: (Time is in decaauts)
 A = Elapsed time spent in this place.
 B = Non-inter-level travel time spent in this place.
 C = Inter-level travel time spent in this place.
 D = Time resting spent in this place.
 E = Time spent auto-exploring this place.
 F = Levels seen in this place.
 G = Mean time per level.
                   A        B        C        D        E       F      G
               +--------+--------+--------+--------+--------+-----+--------+
         Total |  20006 |  19725 |    281 |    100 |  12079 |  22 |  909.4 |
       Dungeon |  14476 |  14221 |    255 |    100 |   8954 |  15 |  965.1 |
          Lair |   4714 |   4688 |     26 |      0 |   3042 |   5 |  942.8 |
         Abyss |    265 |    265 |      0 |      0 |      7 |   1 |  265.0 |
      Ice Cave |    550 |    550 |      0 |      0 |     76 |   1 |  550.0 |
               +--------+--------+--------+--------+--------+-----+--------+

Top non-repeatable levels by time:
  Lair:4: 1223 daAuts
  Lair:5: 1172 daAuts
    D:10: 1159 daAuts
     D:2: 1140 daAuts
     D:8: 1138 daAuts
     D:9: 1125 daAuts
    D:14: 1118 daAuts
     D:5: 1109 daAuts
    D:13: 1066 daAuts
     D:4: 1040 daAuts
    D:12: 1039 daAuts
     D:3: 1032 daAuts
  Lair:1: 999 daAuts
     D:6: 979 daAuts
  Lair:3: 869 daAuts
